[Event "Ceske Budejovice GM 2019"]
[Site "Ceske Budejovice"]
[Date "2019.07.02"]
[Round "4.1"]
[White "Miesbauer, Jan"]
[Black "Kazakov, Mikhail"]
[Result "0-1"]
[ECO "C41"]
[WhiteElo "2411"]
[BlackElo "2508"]
[Annotator "RC"]
[PlyCount "114"]
[EventDate "2019.07.02"]
[EventCountry "CZE"]
[SourceTitle "playchess.com"]
[Source "ChessBase"]
[SourceQuality "1"]
[TimeControl "5400+30"]

1. e4 d6 2. d4 Nf6 3. Nc3 e5 4. Nf3 Nbd7 5. g3 Be7 6. Bg2 O-O 7. O-O c6 8. a4 a5 9. Re1 Re8 10. h3 Bf8 11. b3 Qc7 12. Ba3 Nb6 13. Qd3 Bd7 14. Rad1 Rad8 15. d5 cxd5 16. exd5 e4 17. Nxe4 Nxe4 18. Rxe4 Bf5 19. Nd4 Bxe4 20. Bxe4 g6 21. Nb5 Qe7 22. Bg2 Qf6 23. Qd2 Nd7 24. c4 Qe5 25. Bb2 Qe2 26. Qd4 Ne5 27. Kh1 Bg7 28. Ba1 Bf6 29. Nc3 Qc2 30. Ne4 Bg7 31. f4 f5 32. Rd2 Qb1+ 33. Rd1 Qxb3 34. Nxd6 Rxd6 35. c5 Bf6 36. fxe5 Bxe5 37. Qg1 Rdd8 38. d6 Kg7 39. Bxe5+ Rxe5 40. Rb1 Qxg3 41. Rxb7+ Kh6 42. Rb1 f4 43. Rf1 Qe3 44. Rc1 Qa3 45. Rc4 g5 46. Qf2 Qe3 47. Kg1 Rb8 48. Qxe3 fxe3 49. Be4 Rf8 50. Bd3 Rd5 51. Rc3 Rc8 52. Be4 Rd1+ 53. Kg2 e2 54. Re3 Rxc5 55. Rxe2 Rxd6 56. Bc2 Rcd5 57. Kf3 Rd2 0-1

[Event "Ceske Budejovice GM 2019"]
[Site "Ceske Budejovice"]
[Date "2019.07.02"]
[Round "4.3"]
[White "Kraus, Tomas"]
[Black "Simacek, Pavel"]
[Result "1/2-1/2"]
[ECO "D24"]
[WhiteElo "2479"]
[BlackElo "2490"]
[Annotator "ChessBase"]
[PlyCount "44"]
[EventDate "2019.07.02"]
[EventCountry "CZE"]
[SourceTitle "playchess.com"]
[Source "ChessBase"]
[SourceQuality "1"]
[TimeControl "5400+30"]

1. d4 d5 2. Nf3 Nf6 3. c4 dxc4 4. Nc3 a6 5. a4 e6 6. Bg5 c5 7. e3 cxd4 8. exd4 Be7 9. Bxc4 Nc6 10. O-O O-O 11. Re1 Nd5 12. Bxd5 exd5 13. Bxe7 Nxe7 14. Qb3 Rb8 15. Re5 Be6 16. h3 Nc6 17. Re2 b5 18. axb5 axb5 19. Ra6 Qc8 20. Ra1 Qd8 21. Ra6 Qc8 22. Ra1 Qd8 1/2-1/2

[Event "Ceske Budejovice GM 2019"]
[Site "Ceske Budejovice"]
[Date "2019.07.02"]
[Round "4.4"]
[White "Dhulipalla, Bala Chandra Prasad"]
[Black "Stefansson, Hannes"]
[Result "0-1"]
[ECO "A62"]
[WhiteElo "2419"]
[BlackElo "2561"]
[Annotator "ChessBase"]
[PlyCount "90"]
[EventDate "2019.07.02"]
[EventCountry "CZE"]
[SourceTitle "playchess.com"]
[Source "ChessBase"]
[SourceQuality "1"]
[TimeControl "5400+30"]

1. d4 Nf6 2. c4 e6 3. g3 c5 4. d5 exd5 5. cxd5 g6 6. Nc3 Bg7 7. Bg2 d6 8. Nf3 O-O 9. O-O Re8 10. Bf4 Bf5 11. Nh4 Bc8 12. Nf3 Bf5 13. Nh4 Bc8 14. Qd2 a6 15. a4 Qe7 16. Rfe1 Nbd7 17. h3 Ne5 18. Rab1 Qf8 19. g4 Rb8 20. Bg3 b5 21. b4 Bd7 22. axb5 axb5 23. Nf3 Nc4 24. Qd3 Rec8 25. bxc5 Rxc5 26. Nd4 b4 27. Na2 Ne5 28. Qb3 h5 29. g5 Nh7 30. h4 Nc4 31. Qd3 Bxd4 32. Qxd4 b3 33. Nc3 f5 34. gxf6 Nxf6 35. Qd3 b2 36. Qxg6+ Qg7 37. Qd3 Rb3 38. Qd4 Na3 39. Ne4 Nxe4 40. Qxe4 Nxb1 41. Rxb1 Rxg3 42. fxg3 Qxg3 43. Kh1 Rc1+ 44. Bf1 Qh3+ 45. Kg1 Qxf1+ 0-1

[Event "Ceske Budejovice GM 2019"]
[Site "Ceske Budejovice"]
[Date "2019.07.02"]
[Round "4.5"]
[White "Olsen, Filip Boe"]
[Black "Szotkowski, Jakub"]
[Result "1/2-1/2"]
[ECO "D12"]
[WhiteElo "2391"]
[BlackElo "2378"]
[Annotator "NA"]
[PlyCount "76"]
[EventDate "2019.07.02"]
[EventCountry "CZE"]
[SourceTitle "playchess.com"]
[Source "ChessBase"]
[SourceQuality "1"]
[TimeControl "5400+30"]

1. d4 d5 2. c4 c6 3. Nf3 Nf6 4. e3 Bf5 5. Nc3 e6 6. Nh4 Bg4 7. Qb3 Qb6 8. h3 Bh5 9. g4 Bg6 10. Nxg6 hxg6 11. g5 Ng8 12. f4 Nd7 13. Qxb6 axb6 14. cxd5 exd5 15. Ne2 Ne7 16. Ng3 Rh4 17. Bd3 Kd8 18. Bd2 Kc7 19. Kf2 f5 20. Ne2 Nc8 21. Kg3 Rh8 22. h4 Nd6 23. Kg2 b5 24. Ng3 Nb6 25. b3 Ne4 26. Bxe4 dxe4 27. h5 Kd7 28. hxg6 Rxh1 29. Kxh1 Ke6 30. Nh5 Nd5 31. Kg1 b4 32. Kf2 Ra3 33. Ke2 Nc3+ 34. Bxc3 bxc3 35. Kd1 b5 36. Kc2 b4 37. Kd1 Ra7 38. Ng3 Ra3 1/2-1/2

[Event "Ceske Budejovice GM 2019"]
[Site "Ceske Budejovice"]
[Date "2019.07.03"]
[Round "5.1"]
[White "Szotkowski, Jakub"]
[Black "Miesbauer, Jan"]
[Result "0-1"]
[ECO "D16"]
[WhiteElo "2378"]
[BlackElo "2409"]
[Annotator "NA"]
[PlyCount "96"]
[EventDate "2019.07.02"]
[EventCountry "CZE"]
[SourceTitle "playchess.com"]
[Source "ChessBase"]
[SourceQuality "1"]
[TimeControl "5400+30"]

1. d4 d5 2. c4 dxc4 3. Nf3 Nf6 4. Nc3 c6 5. a4 e6 6. e3 c5 7. Bxc4 Nc6 8. O-O cxd4 9. exd4 Be7 10. Qe2 O-O 11. Rd1 Nb4 12. Bg5 Bd7 13. Ne5 Bc6 14. a5 Bd5 15. b3 Rc8 16. Ra4 a6 17. Bxf6 gxf6 18. Ng4 Bxc4 19. bxc4 f5 20. Ne5 Qc7 21. Na2 Nc6 22. Nf3 Rfd8 23. d5 Nxa5 24. dxe6 Rxd1+ 25. Qxd1 fxe6 26. Qe1 Nxc4 27. Qxe6+ Kh8 28. Nc3 Bf8 29. g3 Bg7 30. Nd5 Qc6 31. Ng5 Qxe6 32. Nxe6 Nd6 33. Ne3 Ra8 34. Ra2 a5 35. Rd2 Ne8 36. Nxf5 a4 37. Nc5 b5 38. Ne3 a3 39. Ra2 b4 40. Nd5 Bf8 41. Nb3 Kg7 42. Kf1 Nf6 43. Nc7 Rc8 44. Ne6+ Kf7 45. Nxf8 Kxf8 46. Ke1 Ne4 47. f4 Rc3 48. Na5 Rc1+ 0-1

[Event "Ceske Budejovice GM 2019"]
[Site "Ceske Budejovice"]
[Date "2019.07.03"]
[Round "5.2"]
[White "Stefansson, Hannes"]
[Black "Olsen, Filip Boe"]
[Result "1-0"]
[ECO "A13"]
[WhiteElo "2562"]
[BlackElo "2383"]
[Annotator "ChessBase"]
[PlyCount "157"]
[EventDate "2019.07.02"]
[EventCountry "CZE"]
[SourceTitle "playchess.com"]
[Source "ChessBase"]
[SourceQuality "1"]
[TimeControl "5400+30"]

1. c4 e6 2. g3 Nf6 3. Bg2 d5 4. Nf3 dxc4 5. Qa4+ Bd7 6. Qxc4 c5 7. Ne5 Qc8 8. Qd3 Nc6 9. Nxd7 Nxd7 10. Nc3 Be7 11. b3 O-O 12. Bb2 Rd8 13. Rc1 Nf6 14. Qb1 Qd7 15. d3 Rac8 16. O-O b6 17. Rfd1 Nd5 18. e3 Ncb4 19. Ne2 Bf6 20. d4 cxd4 21. Nxd4 Rxc1 22. Rxc1 Rc8 23. Rd1 Qe7 24. a3 Nc6 25. Nxc6 Rxc6 26. Bxd5 exd5 27. Rxd5 g6 28. Rd1 Rd6 29. Rxd6 Qxd6 30. Bxf6 Qxf6 31. Qd1 h5 32. a4 Qf5 33. b4 Qe4 34. b5 Kh7 35. h4 Kg8 36. Qd8+ Kh7 37. Qd4 Qb1+ 38. Kg2 Qc2 39. g4 hxg4 40. Qxg4 Qb3 41. Qe4 Kg8 42. Qd4 Kh7 43. e4 Kg8 44. f3 Qa2+ 45. Kg3 Qb3 46. Kf4 Qc2 47. Kg5 Qc8 48. Qd6 Qc3 49. Qf6 Qc1+ 50. Qf4 Qc5+ 51. e5 Qe7+ 52. Qf6 Qc5 53. h5 Qe3+ 54. Qf4 Qd3 55. hxg6 Qxg6+ 56. Kh4 Qh7+ 57. Kg4 Qc2 58. Qe4 Qg2+ 59. Kf4 Qh2+ 60. Kf5 Qh7+ 61. Kg5 Qg7+ 62. Kh5 Qh8+ 63. Kg4 Qh2 64. Qe1 Qc2 65. Qe4 Qh2 66. e6 Qg2+ 67. Kf4 Qh2+ 68. Kf5 Qh7+ 69. Ke5 Qh2+ 70. f4 Qb2+ 71. Kd6 Qd2+ 72. Kc7 Qc1+ 73. Kb7 fxe6 74. Qxe6+ Kh7 75. f5 Qh1+ 76. Qc6 Qh4 77. Qg6+ Kh8 78. f6 Qh1+ 79. Ka6 1-0

[Event "Ceske Budejovice GM 2019"]
[Site "Ceske Budejovice"]
[Date "2019.07.04"]
[Round "6.1"]
[White "Miesbauer, Jan"]
[Black "Vykouk, Jan"]
[Result "0-1"]
[ECO "A06"]
[WhiteElo "2409"]
[BlackElo "2453"]
[Annotator "ChessBase"]
[PlyCount "106"]
[EventDate "2019.07.02"]
[EventCountry "CZE"]
[SourceTitle "playchess.com"]
[Source "ChessBase"]
[SourceQuality "1"]
[TimeControl "5400+30"]

1. Nf3 d5 2. g3 Nd7 3. c4 dxc4 4. Qa4 Ngf6 5. Bg2 c6 6. Qxc4 e5 7. d3 Bd6 8. O-O O-O 9. Nbd2 Nb6 10. Qc2 h6 11. b3 Bf5 12. Bb2 Re8 13. e4 Bh7 14. Nc4 Nxc4 15. bxc4 Nd7 16. Nd2 Qe7 17. Kh1 Rad8 18. f4 Nc5 19. Rad1 exf4 20. gxf4 Qh4 21. Nf3 Qxf4 22. Rg1 Bf8 23. Nd4 Ne6 24. Nf5 Bxf5 25. Rdf1 Qh4 26. exf5 Ng5 27. Be4 f6 28. Rg2 Kh8 29. Re2 Qh3 30. Rfe1 Nxe4 31. dxe4 Qf3+ 32. Rg2 Bb4 33. Qe2 Qxe2 34. Rexe2 Bc5 35. Rg3 Rd1+ 36. Kg2 Bd4 37. Rb3 b6 38. Bc3 c5 39. Bd2 Rg1+ 40. Kh3 Rf1 41. Kg2 Rxf5 42. Ra3 Rfe5 43. Rxa7 Rxe4 44. Rxe4 Rxe4 45. Kf3 Re6 46. Rb7 Kh7 47. Bf4 Kg6 48. a4 Bc3 49. Bg3 f5 50. Bc7 Ba5 51. Bd8 Re1 52. Rb8 Re8 53. Rc8 Kh5 0-1

[Event "Ceske Budejovice GM 2019"]
[Site "Ceske Budejovice"]
[Date "2019.07.04"]
[Round "6.2"]
[White "Kraus, Tomas"]
[Black "Kazakov, Mikhail"]
[Result "1-0"]
[ECO "B24"]
[WhiteElo "2486"]
[BlackElo "2511"]
[Annotator "ChessBase"]
[PlyCount "61"]
[EventDate "2019.07.02"]
[EventCountry "CZE"]
[SourceTitle "playchess.com"]
[Source "ChessBase"]
[SourceQuality "1"]
[TimeControl "5400+30"]

1. e4 c5 2. Nc3 Nc6 3. Bb5 Nd4 4. Bc4 g6 5. Nge2 Bg7 6. d3 e6 7. Nxd4 cxd4 8. Ne2 Ne7 9. O-O d5 10. Bb3 h6 11. f4 O-O 12. Kh1 dxe4 13. dxe4 b6 14. Ng3 h5 15. f5 Nc6 16. Nxh5 Qh4 17. Nxg7 Kxg7 18. Rf4 Qh5 19. Qxh5 gxh5 20. Bd2 a5 21. Raf1 a4 22. Bc4 Ne5 23. Be2 Rh8 24. Bb4 Ba6 25. Bxa6 Rxa6 26. fxe6 fxe6 27. Be7 Nd7 28. Bd6 Kg6 29. Rf7 Ra7 30. Be5 Nxe5 31. Rxa7 1-0

[Event "Ceske Budejovice GM 2019"]
[Site "Ceske Budejovice"]
[Date "2019.07.04"]
[Round "6.3"]
[White "Dhulipalla Bala Chandra Prasad"]
[Black "Pulpan, Jakub"]
[Result "1/2-1/2"]
[ECO "A14"]
[WhiteElo "2419"]
[BlackElo "2414"]
[Annotator "NA"]
[PlyCount "35"]
[EventDate "2019.07.02"]
[EventCountry "CZE"]
[SourceTitle "playchess.com"]
[Source "ChessBase"]
[SourceQuality "1"]
[TimeControl "5400+30"]

1. c4 e6 2. g3 d5 3. Nf3 Nf6 4. Bg2 Be7 5. O-O O-O 6. b3 b6 7. Bb2 Bb7 8. e3 c5 9. Nc3 Nbd7 10. Qe2 Rc8 11. Rfd1 Qc7 12. cxd5 Nxd5 13. Nxd5 Bxd5 14. e4 Bb7 15. d4 Nf6 16. dxc5 Bxe4 17. cxb6 Qxb6 18. Bxf6 1/2-1/2

[Event "Ceske Budejovice GM 2019"]
[Site "Ceske Budejovice"]
[Date "2019.07.04"]
[Round "6.4"]
[White "Olsen, Filip Boe"]
[Black "Simacek, Pavel"]
[Result "1/2-1/2"]
[ECO "A61"]
[WhiteElo "2383"]
[BlackElo "2490"]
[Annotator "ChessBase"]
[PlyCount "89"]
[EventDate "2019.07.02"]
[EventCountry "CZE"]
[SourceTitle "playchess.com"]
[Source "ChessBase"]
[SourceQuality "1"]
[TimeControl "5400+30"]

1. d4 Nf6 2. c4 c5 3. d5 e6 4. Nc3 exd5 5. cxd5 d6 6. Nf3 g6 7. Bf4 a6 8. a4 Bg7 9. h3 O-O 10. e3 Re8 11. Nd2 Nbd7 12. Nc4 Ne4 13. Nxe4 Rxe4 14. Bd3 Rxc4 15. Bxc4 Bxb2 16. Rb1 Bc3+ 17. Kf1 Nb6 18. Qc2 Bb4 19. h4 Bd7 20. Bb3 a5 21. Qd1 c4 22. Bc2 Qf6 23. Kg1 Bf5 24. h5 g5 25. e4 Bxe4 26. Bxg5 Bxc2 27. Bxf6 Bxd1 28. Rxd1 c3 29. Rh3 c2 30. Rc1 Rc8 31. Rg3+ Kf8 32. Rg7 Bc3 33. Bxc3 Rxc3 34. h6 Nxd5 35. Rxh7 Kg8 36. Rg7+ Kh8 37. Rxf7 Nb4 38. Kh2 Rc8 39. g4 Nd3 40. g5 Nxc1 41. g6 Nd3 42. Rh7+ Kg8 43. Rg7+ Kf8 44. Rf7+ Kg8 45. Rg7+ 1/2-1/2

[Event "Ceske Budejovice GM 2019"]
[Site "Ceske Budejovice"]
[Date "2019.07.04"]
[Round "6.5"]
[White "Szotkowski, Jakub"]
[Black "Stefansson, Hannes"]
[Result "0-1"]
[ECO "A50"]
[WhiteElo "2378"]
[BlackElo "2562"]
[Annotator "ChessBase"]
[PlyCount "82"]
[EventDate "2019.07.02"]
[EventCountry "CZE"]
[SourceTitle "playchess.com"]
[Source "ChessBase"]
[SourceQuality "1"]
[TimeControl "5400+30"]

1. d4 Nf6 2. c4 b6 3. Nf3 Bb7 4. e3 g6 5. Be2 Bg7 6. O-O O-O 7. b3 c5 8. Bb2 cxd4 9. Nxd4 d5 10. Nd2 Nbd7 11. Rc1 Nc5 12. b4 Nce4 13. Nxe4 Nxe4 14. c5 bxc5 15. bxc5 Rc8 16. c6 Ba8 17. Bg4 Rc7 18. Bd7 a6 19. Bc3 e5 20. Nf3 Nxc3 21. Rxc3 Rxd7 22. cxd7 Qxd7 23. Qc1 d4 24. exd4 exd4 25. Rd1 Re8 26. h3 Bf6 27. Rc7 Qd8 28. Qf4 Re4 29. Qc1 Re8 30. Re1 Rf8 31. Nd2 d3 32. Rc4 Bg5 33. Qd1 Qd5 34. Rg4 h5 35. Rg3 Qf5 36. Nf1 Rd8 37. Ne3 Qf6 38. Kf1 Bf4 39. Rf3 d2 40. Re2 Bxf3 41. gxf3 Qc3 0-1

[Event "Ceske Budejovice GM 2019"]
[Site "Ceske Budejovice"]
[Date "2019.07.05"]
[Round "7.1"]
[White "Stefansson, Hannes"]
[Black "Miesbauer, Jan"]
[Result "1-0"]
[ECO "B67"]
[WhiteElo "2562"]
[BlackElo "2409"]
[Annotator "ChessBase"]
[PlyCount "105"]
[EventDate "2019.07.02"]
[EventCountry "CZE"]
[SourceTitle "playchess.com"]
[Source "ChessBase"]
[SourceQuality "1"]
[TimeControl "5400+30"]

1. e4 c5 2. Nf3 Nc6 3. d4 cxd4 4. Nxd4 Nf6 5. Nc3 d6 6. Bg5 e6 7. Qd2 a6 8. O-O-O Bd7 9. f3 Be7 10. h4 h6 11. Be3 h5 12. Bg5 Rc8 13. Nxc6 Bxc6 14. Kb1 b5 15. Ne2 Qb6 16. Nd4 Bd7 17. Qe1 Qc5 18. Rd2 a5 19. Be3 Qc7 20. Nxb5 Qb8 21. a4 d5 22. Ba7 Qb7 23. e5 Ng8 24. Qf2 Nh6 25. Bd3 O-O 26. Qg1 f6 27. exf6 Bxf6 28. g4 Nf7 29. Bd4 Bxb5 30. axb5 Nd6 31. Qe3 e5 32. Bxe5 Rfe8 33. f4 d4 34. Qg1 Bxe5 35. fxe5 Rxe5 36. gxh5 Rxh5 37. Qg2 Rc7 38. Re1 Qxg2 39. Rxg2 Rxh4 40. Re6 Rd7 41. Rgg6 Nb7 42. Rg5 Nd8 43. Ra6 Kf8 44. Rxa5 Rh6 45. Ra6 Rdd6 46. Ra7 Ne6 47. Re5 Rf6 48. Bc4 Nd8 49. Ka2 g6 50. Ka3 Rf5 51. Ree7 g5 52. Rh7 Ke8 53. Be2 1-0

[Event "Ceske Budejovice GM 2019"]
[Site "Ceske Budejovice"]
[Date "2019.07.05"]
[Round "7.2"]
[White "Simacek, Pavel"]
[Black "Szotkowski, Jakub"]
[Result "1-0"]
[ECO "B19"]
[WhiteElo "2490"]
[BlackElo "2378"]
[Annotator "ChessBase"]
[PlyCount "95"]
[EventDate "2019.07.02"]
[EventCountry "CZE"]
[SourceTitle "playchess.com"]
[Source "ChessBase"]
[SourceQuality "1"]
[TimeControl "5400+30"]

1. e4 c6 2. d4 d5 3. Nc3 dxe4 4. Nxe4 Bf5 5. Ng3 Bg6 6. h4 h6 7. Nf3 Nd7 8. h5 Bh7 9. Bd3 Bxd3 10. Qxd3 e6 11. Bf4 Qa5+ 12. Bd2 Bb4 13. c3 Be7 14. c4 Qc7 15. d5 O-O-O 16. O-O Ngf6 17. Qe2 Rhe8 18. dxc6 bxc6 19. b4 Kb8 20. Rab1 Ka8 21. c5 Nd5 22. Rfc1 Rb8 23. a4 Rec8 24. Ne4 N7f6 25. Nxf6 Bxf6 26. b5 Rb7 27. b6 axb6 28. cxb6 Rxb6 29. Ba5 Rxb1 30. Qa6+ Qa7 31. Qxc8+ Rb8 32. Qxc6+ Qb7 33. Qc4 Nb6 34. Bxb6 Qxb6 35. Nd2 Ka7 36. Ne4 Bd4 37. a5 Qb2 38. Rc2 Qb1+ 39. Kh2 Be5+ 40. g3 Qb5 41. Qc5+ Ka8 42. Qe3 Qb3 43. Qe2 Rb5 44. Nc5 Qb1 45. Qf3+ Kb8 46. Nd7+ Ka7 47. Qe3+ Kb7 48. Qe4+ 1-0

[Event "Ceske Budejovice GM 2019"]
[Site "Ceske Budejovice"]
[Date "2019.07.05"]
[Round "7.3"]
[White "Pulpan, Jakub"]
[Black "Olsen, Filip Boe"]
[Result "1/2-1/2"]
[ECO "B92"]
[WhiteElo "2414"]
[BlackElo "2383"]
[Annotator "NA"]
[PlyCount "37"]
[EventDate "2019.07.02"]
[EventCountry "CZE"]
[SourceTitle "playchess.com"]
[Source "ChessBase"]
[SourceQuality "1"]
[TimeControl "5400+30"]

1. e4 c5 2. Nf3 d6 3. d4 cxd4 4. Nxd4 Nf6 5. Nc3 a6 6. Be2 e5 7. Nf3 h6 8. a4 Be7 9. Nd2 Be6 10. Nc4 Nxe4 11. Nxe4 d5 12. Bg4 dxc4 13. Qxd8+ Kxd8 14. Bxe6 fxe6 15. Nd2 c3 16. bxc3 Nd7 17. Ke2 Rc8 18. Ne4 Nf6 19. Rd1+ 1/2-1/2

[Event "Ceske Budejovice GM 2019"]
[Site "Ceske Budejovice"]
[Date "2019.07.05"]
[Round "7.4"]
[White "Kazakov, Mikhail"]
[Black "Dhulipalla Bala Chandra Prasad"]
[Result "0-1"]
[ECO "C95"]
[WhiteElo "2511"]
[BlackElo "2419"]
[Annotator "ChessBase"]
[PlyCount "100"]
[EventDate "2019.07.02"]
[EventCountry "CZE"]
[SourceTitle "playchess.com"]
[Source "ChessBase"]
[SourceQuality "1"]
[TimeControl "5400+30"]

1. e4 e5 2. Nf3 Nc6 3. Bb5 a6 4. Ba4 Nf6 5. O-O Be7 6. Re1 b5 7. Bb3 d6 8. c3 O-O 9. h3 Nb8 10. d4 Nbd7 11. Nbd2 Bb7 12. Bc2 Re8 13. Nf1 Bf8 14. Ng3 g6 15. a4 Nb6 16. axb5 axb5 17. Bg5 h6 18. Rxa8 Bxa8 19. Bc1 Qd7 20. b3 c5 21. dxe5 dxe5 22. Qe2 Bc6 23. Nh2 Qe6 24. Nhf1 Ra8 25. Ne3 c4 26. bxc4 bxc4 27. Bd2 Ra2 28. Rb1 Bc5 29. Qd1 Qd7 30. Qf3 Rxc2 31. Nxc2 Qxd2 32. Nb4 Qd6 33. Na6 Nbd7 34. Rd1 Qe7 35. Nxc5 Nxc5 36. Re1 Kg7 37. Qe2 Nd3 38. Ra1 Qc5 39. Qf3 h5 40. h4 Qb6 41. Qe2 Ng4 42. Nh1 Qd8 43. g3 Qb6 44. Kg2 f5 45. f3 Ne3+ 46. Kh2 fxe4 47. fxe4 Bxe4 48. Qa2 Ng4+ 49. Kh3 Qe6 50. Qa7+ Kh6 0-1

[Event "Ceske Budejovice GM 2019"]
[Site "Ceske Budejovice"]
[Date "2019.07.05"]
[Round "7.5"]
[White "Vykouk, Jan"]
[Black "Kraus, Tomas"]
[Result "1-0"]
[ECO "B30"]
[WhiteElo "2453"]
[BlackElo "2486"]
[Annotator "ChessBase"]
[PlyCount "105"]
[EventDate "2019.07.02"]
[EventCountry "CZE"]
[SourceTitle "playchess.com"]
[Source "ChessBase"]
[SourceQuality "1"]
[TimeControl "5400+30"]

1. e4 c5 2. Nf3 Nc6 3. Nc3 e5 4. Bc4 g6 5. d3 h6 6. Be3 d6 7. Qd2 Bg7 8. h4 Nf6 9. Nd5 Be6 10. Nxf6+ Qxf6 11. h5 g5 12. Nh2 Rd8 13. f3 O-O 14. Ng4 Qe7 15. Bf2 f5 16. Ne3 f4 17. Bxe6+ Qxe6 18. Nd5 Ne7 19. Nxe7+ Qxe7 20. c4 Qd7 21. b4 b6 22. b5 a5 23. bxa6 Ra8 24. Ke2 Rxa6 25. Rab1 Bf6 26. Rb5 Bd8 27. Qc2 Kh8 28. a4 Rg8 29. Kd2 g4 30. Kc3 g3 31. Be1 Qa7 32. a5 Rxa5 33. Rxa5 Qxa5+ 34. Kb2 Qa6 35. Bc3 b5 36. Ra1 Qb7 37. cxb5 Qxb5+ 38. Qb3 Qxb3+ 39. Kxb3 Be7 40. Ra7 Re8 41. Kc4 Kg7 42. Kd5 Kf7 43. Ba5 Rb8 44. Bc7 Rb3 45. Bd8 Rxd3+ 46. Kc4 Rd2 47. Bxe7 Rxg2 48. Bh4+ Kg8 49. Kd5 Rh2 50. Bf6 Rxh5 51. Ke6 c4 52. Ra8+ Kh7 53. Kf7 1-0

[Event "Ceske Budejovice GM 2019"]
[Site "Ceske Budejovice"]
[Date "2019.07.06"]
[Round "8.1"]
[White "Miesbauer, Jan"]
[Black "Kraus, Tomas"]
[Result "1-0"]
[ECO "A41"]
[WhiteElo "2409"]
[BlackElo "2486"]
[Annotator "ChessBase"]
[PlyCount "65"]
[EventDate "2019.07.02"]
[EventCountry "CZE"]
[SourceTitle "playchess.com"]
[Source "ChessBase"]
[SourceQuality "1"]
[TimeControl "5400+30"]

1. d4 d6 2. Nf3 Bg4 3. e4 Nf6 4. Nc3 Nbd7 5. Be3 e5 6. h3 Bh5 7. Qd2 c6 8. O-O-O b5 9. Bd3 a6 10. Ne2 c5 11. dxc5 dxc5 12. c4 Be7 13. g4 Bg6 14. Ng3 Qc7 15. g5 Nh5 16. Nf5 b4 17. Be2 Rd8 18. Qc2 Nb6 19. Rxd8+ Bxd8 20. Nxe5 Qxe5 21. Bxh5 O-O 22. Be2 f6 23. h4 fxg5 24. hxg5 Na4 25. Bd3 Qe8 26. Nh4 Bc7 27. Nxg6 hxg6 28. e5 Bxe5 29. Bxg6 Bxb2+ 30. Kb1 Qc6 31. Rh4 Bd4 32. Bh7+ Kf7 33. Qf5+ 1-0

[Event "Ceske Budejovice GM 2019"]
[Site "Ceske Budejovice"]
[Date "2019.07.06"]
[Round "8.2"]
[White "Dhulipalla Bala Chandra Prasad"]
[Black "Vykouk, Jan"]
[Result "1-0"]
[ECO "D30"]
[WhiteElo "2419"]
[BlackElo "2453"]
[Annotator "ChessBase"]
[PlyCount "77"]
[EventDate "2019.07.02"]
[EventCountry "CZE"]
[SourceTitle "playchess.com"]
[Source "ChessBase"]
[SourceQuality "1"]
[TimeControl "5400+30"]

1. d4 d5 2. c4 e6 3. Nf3 c6 4. Qc2 f5 5. g3 Nf6 6. Bg2 Bd6 7. O-O O-O 8. Nc3 Nbd7 9. cxd5 cxd5 10. Nb5 Bb8 11. Bf4 Bxf4 12. gxf4 Nb6 13. Nc7 Rb8 14. Ng5 Qd6 15. Qc5 Rd8 16. Rfc1 a6 17. a4 h6 18. Nf3 Nc4 19. Ne5 Qxc5 20. dxc5 Nxe5 21. fxe5 Ng4 22. f4 Kf7 23. Ra3 d4 24. Rb3 Bd7 25. Rxb7 Ne3 26. Nxa6 Rxb7 27. Bxb7 g5 28. c6 Bc8 29. c7 Rg8 30. Bxc8 gxf4+ 31. Kf2 Rxc8 32. b4 Ng4+ 33. Kf1 Ne3+ 34. Kf2 Ng4+ 35. Ke1 f3 36. b5 fxe2 37. Kxe2 Nxe5 38. b6 d3+ 39. Kd2 1-0

[Event "Ceske Budejovice GM 2019"]
[Site "Ceske Budejovice"]
[Date "2019.07.06"]
[Round "8.3"]
[White "Olsen, Filip Boe"]
[Black "Kazakov, Mikhail"]
[Result "1/2-1/2"]
[ECO "D85"]
[WhiteElo "2383"]
[BlackElo "2511"]
[Annotator "ChessBase"]
[PlyCount "107"]
[EventDate "2019.07.02"]
[EventCountry "CZE"]
[SourceTitle "playchess.com"]
[Source "ChessBase"]
[SourceQuality "1"]
[TimeControl "5400+30"]

1. d4 Nf6 2. c4 g6 3. Nc3 d5 4. cxd5 Nxd5 5. e4 Nxc3 6. bxc3 Bg7 7. Be3 c5 8. Rc1 Qa5 9. Qd2 O-O 10. Nf3 Nc6 11. d5 Rd8 12. Be2 b6 13. O-O e6 14. Bg5 f6 15. Bf4 Ba6 16. Qc2 Ne7 17. dxe6 Bxe2 18. Qxe2 Qa4 19. Rfd1 Qc6 20. Qc4 b5 21. Qb3 a6 22. a4 Bf8 23. e5 c4 24. Qb2 Qxe6 25. Nd4 Qb6 26. axb5 Nd5 27. Bg3 axb5 28. Qxb5 Qxb5 29. Nxb5 Bh6 30. Rb1 f5 31. f3 Be3+ 32. Bf2 Bxf2+ 33. Kxf2 Nf4 34. Rd6 Nd3+ 35. Ke3 Nxe5 36. Kd4 Nf7 37. Rxd8+ Rxd8+ 38. Kxc4 Rd2 39. Nd4 Rxg2 40. Kd5 Rxh2 41. c4 f4 42. c5 Rh5+ 43. Ke4 Kf8 44. c6 Nd6+ 45. Kxf4 Rd5 46. c7 Rxd4+ 47. Ke5 Rd3 48. Ke6 Kg7 49. Rb8 Nc8 50. Rxc8 Rc3 51. Kd6 Rd3+ 52. Ke6 Rc3 53. Kd6 Rd3+ 54. Ke6 {Kf8} 1/2-1/2

[Event "Ceske Budejovice GM 2019"]
[Site "Ceske Budejovice"]
[Date "2019.07.06"]
[Round "8.4"]
[White "Szotkowski, Jakub"]
[Black "Pulpan, Jakub"]
[Result "1-0"]
[ECO "E06"]
[WhiteElo "2378"]
[BlackElo "2414"]
[Annotator "NA"]
[PlyCount "47"]
[EventDate "2019.07.02"]
[EventCountry "CZE"]
[SourceTitle "playchess.com"]
[Source "ChessBase"]
[SourceQuality "1"]
[TimeControl "5400+30"]

1. d4 Nf6 2. c4 e6 3. g3 d5 4. Bg2 Be7 5. Nf3 O-O 6. O-O dxc4 7. Qc2 b6 8. Bg5 Nd5 9. Bxe7 Qxe7 10. Qxc4 Ba6 11. Qc2 c5 12. Nc3 Nxc3 13. bxc3 Bb7 14. dxc5 bxc5 15. Rab1 Bd5 16. c4 Bc6 17. Rfd1 g6 18. Ne5 Qc7 19. Rxb8 Bxg2 20. Rxf8+ Kxf8 21. Nd7+ Ke7 22. Qd2 Bd5 23. Qg5+ Kxd7 24. cxd5 1-0

[Event "Ceske Budejovice GM 2019"]
[Site "Ceske Budejovice"]
[Date "2019.07.07"]
[Round "9.1"]
[White "Simacek, Pavel"]
[Black "Miesbauer, Jan"]
[Result "1/2-1/2"]
[ECO "A53"]
[WhiteElo "2490"]
[BlackElo "2409"]
[Annotator "ChessBase"]
[PlyCount "115"]
[EventDate "2019.07.02"]
[EventCountry "CZE"]
[SourceTitle "playchess.com"]
[Source "ChessBase"]
[SourceQuality "1"]
[TimeControl "5400+30"]

1. d4 Nf6 2. c4 d6 3. Nc3 Nbd7 4. Nf3 e5 5. e3 c6 6. Be2 Be7 7. O-O O-O 8. b3 e4 9. Nd2 d5 10. f3 exf3 11. Bxf3 Bb4 12. Ndb1 Nb6 13. c5 Nbd7 14. a3 Bxc3 15. Nxc3 Re8 16. Qd3 Qe7 17. b4 Nf8 18. Bd2 Bg4 19. Rae1 Qd7 20. e4 Bxf3 21. gxf3 Ng6 22. Bg5 Nh5 23. Qd2 h6 24. Be3 Re6 25. f4 Rxe4 26. Nxe4 dxe4 27. f5 Nh4 28. Qe2 Nf3+ 29. Rxf3 exf3 30. Qxf3 Nf6 31. Bf2 Re8 32. Re5 a6 33. Kg2 Nd5 34. Qe4 Kf8 35. Bg3 Rxe5 36. Qxe5 f6 37. Qd6+ Qxd6 38. Bxd6+ Ke8 39. Kf3 Nc3 40. Bf4 Nb5 41. Ke4 Nxa3 42. d5 Nc2 43. Bd2 cxd5+ 44. Kxd5 Kd7 45. Kc4 Kc6 46. Bf4 Na3+ 47. Kb3 Nb5 48. Kc4 h5 49. Bg3 h4 50. Bf4 h3 51. Bg3 b6 52. cxb6 Kxb6 53. Bf2+ Kc6 54. Bc5 Nd6+ 55. Bxd6 Kxd6 56. Kd4 Kc6 57. Kc4 Kd6 58. Kd4 {[%emt 0:00:03] Kd5+} 1/2-1/2